 Dungeon Crawl Stone Soup version 0.29-a0-878-g7b45a56547 (webtiles) character file.

Game seed: 15828499058799346519

13181 quixfox the Geomancer (level 12, -4/72 HPs)
             Began as a Gargoyle Earth Elementalist on July 19, 2022.
             Was an Elder of Vehumet.
             Slain by a white ugly thing (15 damage)
             ... in an ice cave on July 20, 2022.
             The game lasted 01:14:01 (12548 turns).

quixfox the Geomancer (GrEE)                       Turns: 12548, Time: 01:14:03

Health: -4/72      AC: 24    Str: 13    XL:     12   Next: 3%
Magic:  23/23      EV: 12    Int: 26    God:    Vehumet [****..]
Gold:   557        SH:  0    Dex: 14    Spells: 16/26 levels left

rFire   . . .      SeeInvis .   g - staff of earth
rCold   + . .      Faith    .   (no shield)
rNeg    + . .      Spirit   .   G - +2 troll leather armour
rPois   ∞          Reflect  .   A - +2 helmet
rElec   +          Harm     .   (no cloak)
rCorr   .          Rampage  .   a - +2 pair of gloves
Will    .....                   y - +1 pair of boots
Stlth   ++........              z - amulet of magic regeneration
HPRegen 1.02/turn               q - +6 ring of intelligence
MPRegen 0.58/turn               r - ring of Grontol {+Blink rPois rC+ Will- Dex+4}

@: no status effects
A: sickness immunity, AC +8, negative energy resistance 1, electricity
resistance, torment resistance 1, petrification resistance
a: Renounce Religion, Evoke Blink


You were in an ice cave.
You worshipped Vehumet.
Vehumet was greatly pleased with you.
You visited 1 branch of the dungeon, and saw 12 of its levels.
You also visited: Sewer and Ice Cave.

You collected 843 gold pieces.
You spent 286 gold pieces at shops.

Inventory:

Hand Weapons
 n - a +4 dagger of freezing
Armour
 a - a +2 pair of gloves (worn)
 t - +0 acid dragon scales
 y - a +1 pair of boots (worn)
 A - a +2 helmet (worn)
 G - a +2 troll leather armour (worn)
Magical Staves
 g - a staff of earth (weapon)
Jewellery
 e - a ring of fire
 q - a +6 ring of intelligence (left hand)
 r - the ring of Grontol (right hand) {+Blink rPois rC+ Will- Dex+4}
   (You found it on level 2 of the Dungeon)

   [ring of poison resistance]

   Dex:       It affects your dexterity (+4).
   rC:        It protects you from cold.
   rPois:     It protects you from poison.
   +Blink:    It lets you blink.
   Will:      It decreases your willpower.
 z - an amulet of magic regeneration (around neck)
 E - a +4 ring of evasion
 F - an amulet of faith
 H - an amulet of regeneration
Wands
 d - a wand of polymorph (8)
 o - a wand of flame (26)
 u - a wand of light (7)
 x - a wand of digging (9)
 I - a wand of roots (5)
Scrolls
 c - a scroll of enchant armour
 k - a scroll of amnesia
 m - 7 scrolls of teleportation
 p - 4 scrolls of immolation
 C - 3 scrolls of identify
Potions
 b - 3 potions of magic
 f - 4 potions of flight
 i - 2 potions of attraction
 j - a potion of might
 l - 3 potions of haste
 s - 4 potions of berserk rage
 v - 5 potions of curing
 w - a potion of invisibility
 D - a potion of mutation {unknown}


   Skills:
 + Level 7.1 Fighting
 - Level 3.8 Staves
 + Level 5.8 Armour
 - Level 2.8 Dodging
 - Level 2.1 Stealth
 + Level 7.5 Spellcasting
 + Level 8.3 Conjurations
 - Level 0.7 Transmutations
 + Level 5.9 Fire Magic
 + Level 10.2 Earth Magic
 + Level 6.0 Evocations


You had 16 spell levels left.
You knew the following spells:

 Your Spells              Type           Power      Damage    Failure   Level
a - Sandblast             Erth           100%       2d20      1%          1
b - Stone Arrow           Conj/Erth      100%       3d13      1%          3
c - Passwall              Tmut/Erth      45%        N/A       1%          2
d - Sticky Flame          Conj/Fire      46%        2d6       1%          4

Your spell library contained the following spells:

 Spells                   Type           Power      Damage    Failure   Level
 Hailstorm                Conj/Ice       31%        3d8       3%          4
 Conjure Flame            Conj/Fire      46%        6-21      1%          3
 Dazzling Flash           Conj/Hex       62%        N/A       1%          3
 Ignite Poison            Fire/Tmut/Pois 21%        N/A       2%          3
 Petrify                  Tmut/Erth      55%        N/A       8%          4
 Agony                    Necr           9%         N/A       90%         5
 Silence                  Hex/Air        4%         N/A       90%         5


Dungeon Overview and Level Annotations

Branches:
Dungeon (12/15)            Temple (0/1) D:5            Lair (0/5) D:9
  Sewer (visited)           IceCv (1/1)
    Orc: D:9-12

Altars:
Dithmenos
Fedhas
Gozag
Kikubaaqudgha
Makhleb
Okawaru
Ru
Vehumet
Wu Jian

Shops:
D:4 *   D:6 :   D:8 *   D:11 *


Innate Abilities, Weirdness & Mutations

You are immune to sickness and miasma.
Your stone body is resilient. (AC +8)
You are immune to poison.
You resist negative energy. (rN+)
You are resistant to electric shocks. (rElec)
You are resistant to unholy torment.
You are immune to petrification.


Message History

You see here a yak skeleton.
Items here: ÷÷÷÷.
Items here: ÷÷÷÷.
You see here a yak skeleton.
You see here a wolf corpse.
You see here a death yak corpse.
You see here a death yak corpse.
Found 17 gold pieces.
Found 16 gold pieces.
You now have 541 gold pieces (gained 17).
You now have 557 gold pieces (gained 16).
You enter the shallow water.
Moving in this stuff is going to be slow.
A white ugly thing comes into view.
Found three items.
The white ugly thing gurgles horribly!
The white ugly thing engulfs you but does no damage.
You feel a surge of power!
The blast of sand hits the white ugly thing!!
The white ugly thing is moderately wounded.
The white ugly thing engulfs you but does no damage.
The white ugly thing engulfs you! The white ugly thing freezes you! You resist.
You feel a surge of power!
The blast of sand hits the white ugly thing!!
The white ugly thing is severely wounded.
The white ugly thing engulfs you. The white ugly thing freezes you! You resist.
The white ugly thing engulfs you but does no damage.
You are too injured to fight recklessly!
Aiming: Sandblast (safe; 1% risk of failure)
Press: ? - help, Q - select action, (/) - cycle Shift-Dir - straight line, f/p - white ugly thing
Aim: a white ugly thing (severely wounded, 84% to hit)
You feel a surge of power!
The blast of sand hits the white ugly thing!
The white ugly thing is almost dead.
The white ugly thing engulfs you. The white ugly thing freezes you! You resist.
* * * LOW HITPOINT WARNING * * *
The white ugly thing engulfs you.
* * * LOW HITPOINT WARNING * * *
The white ugly thing freezes you! You resist.
You die...

#≈#....####.###
#####≈##.#.#.#.####
#≈≈#≈#####...#.###.
##≈≈# ##....##.. #
#≈≈## ###..###. #$
##≈≈# ≈## ##...#.
#[⌠ #≈≈≈#≈≈≈#
##..#.
#?..#≈#≈.≈≈≈≈ ##...
#.u@≈#.≈≈≈≈ ##.#
#..#.##≈≈≈≈# ###
##. ..#≈≈≈≈≈ ..
#.#≈≈≈≈≈ #.# .#
≈≈≈# ## ##


You could see a white ugly thing.

Vanquished Creatures
  A death yak (IceCv)
  A manticore (D:12)
  A cyclops (D:11)
  An ice statue (IceCv)
  2 kobold demonologists (D:11)
  A rime drake (IceCv)
  2 trolls (D:11)
  5 polar bears (IceCv)
  A hornet (D:8)
  2 shadows (D:11)
  16 yaks
  2 wraiths
  2 wyverns
  A steam dragon (D:8)
  An acid dragon (D:7)
  5 water moccasins
  An orc warrior (D:10)
  3 ice beasts
  An ogre (D:7)
  3 centaurs
  17 wolves (IceCv)
  A phantom (D:6)
  5 kobold brigands
  3 bullfrogs
  2 necrophages
  10 wights
  A troll zombie (D:12)
  12 killer bees
  6 howler monkeys
  A crimson imp (D:3)
  4 hounds
  A jelly (D:7)
  7 orc priests
  Jessica (D:3)
  Ijyb (D:5)
  Terence (D:2)
  4 iguanas
  A merfolk siren (Sewer)
  4 orc wizards
  Natasha (thrice) (D:2)
  A merfolk avatar (Sewer)
  An ogre zombie (D:12)
  4 gnolls (D:3)
  10 adders
  2 river rats (Sewer)
  3 worms
  4 dart slugs
  20 orcs
  4 bats
  6 endoplasms
  5 giant cockroaches
  7 goblins
  7 hobgoblins
  3 jackals (D:1)
  6 quokkas
  9 ball pythons
  7 frilled lizards
  2 goblin skeletons (D:12)
  2 hobgoblin skeletons (D:12)
  20 kobolds
  6 orc zombies (D:12)
  22 rats
288 creatures vanquished.

Vanquished Creatures (others)
  5 withered plants (D:3)
5 creatures vanquished.

Grand Total: 293 creatures vanquished

Notes
Turn   | Place    | Note
-------+----------+-------------------------------------------
     0 | D:1      | quixfox the Gargoyle Earth Elementalist began the quest for
                  | the Orb.
     0 | D:1      | Reached XP level 1. HP: 10/10 MP: 3/3
   114 | D:1      | Reached XP level 2. HP: 2/15 MP: 0/5
   391 | D:1      | Reached skill level 4 in Earth Magic
   743 | D:1      | Reached XP level 3. HP: 14/19 MP: 4/6
  1086 | D:2      | Learned a level 3 spell: Stone Arrow
  1153 | D:2      | You fall into a shaft and drop 1 floor!
  1263 | D:3      | Noticed Jessica
  1270 | D:3      | Killed Jessica
  1271 | D:3      | Reached skill level 1 in Conjurations
  1271 | D:3      | Reached XP level 4. HP: 24/24 MP: 5/8
  1469 | D:3      | Noticed an ice beast
  1472 | D:3      | Killed an ice beast
  1473 | D:3      | Reached skill level 5 in Earth Magic
  1473 | D:3      | Reached XP level 5. HP: 28/28 MP: 5/10
  1766 | D:3      | Found a burning altar of Makhleb.
  1766 | D:3      | Found a radiant altar of Vehumet.
  1778 | D:3      | Became a worshipper of Vehumet
  1871 | D:2      | Identified the ring of Grontol {+Blink rPois rC+ Will-
                  | Dex+4}
  1895 | D:2      | Reached XP level 6. HP: 32/32 MP: 8/11
  2043 | D:2      | Noticed Natasha
  2047 | D:2      | Killed Natasha
  2235 | D:2      | Noticed Terence
  2236 | D:2      | Noticed a shining eye
  2238 | D:2      | Found a faded altar of an unknown god.
  2245 | D:2      | Killed Terence
  2285 | D:2      | Noticed a great orb of eyes
  2296 | D:2      | Noticed a great orb of eyes
  2319 | D:2      | Noticed a golden eye
  2811 | D:2      | Noticed Natasha
  2815 | D:2      | Killed Natasha
  2880 | D:2      | Noticed Natasha
  2891 | D:2      | Killed Natasha
  2920 | D:3      | Reached skill level 6 in Earth Magic
  2958 | D:3      | Learned a level 2 spell: Passwall
  2969 | D:3      | Found an ancient bone altar of Kikubaaqudgha.
  3265 | D:3      | Found an ornate altar of the Wu Jian Council.
  3631 | D:4      | Reached XP level 7. HP: 36/36 MP: 11/13
  3726 | D:4      | Found Tyawnane's Serpentskin Sales.
  3731 | D:4      | Reached * piety under Vehumet
  3731 | D:4      | Offered knowledge of Foxfire by Vehumet.
  4016 | D:4      | Reached skill level 1 in Fighting
  4016 | D:4      | Reached skill level 1 in Staves
  4074 | D:4      | Reached skill level 1 in Evocations
  4181 | D:5      | Entered Level 5 of the Dungeon
  4181 | D:5      | Found a glowing drain.
  4210 | Sewer    | Entered a sewer
  4416 | Sewer    | Offered knowledge of Shock by Vehumet.
  4435 | Sewer    | Reached ** piety under Vehumet
  4592 | D:5      | Found a staircase to the Ecumenical Temple.
  4673 | D:5      | Reached XP level 8. HP: 44/44 MP: 11/15
  4895 | D:5      | Reached skill level 7 in Earth Magic
  5155 | D:5      | Noticed Ijyb
  5184 | D:5      | Killed Ijyb
  5417 | D:6      | Reached skill level 5 in Spellcasting
  5464 | D:6      | Found Donwypn's Book Emporium.
  5484 | D:6      | Bought an Everburning Encyclopedia for 286 gold pieces
  5489 | D:6      | Learned a level 4 spell: Sticky Flame
  5510 | D:6      | Reached skill level 5 in Conjurations
  5636 | D:6      | Offered knowledge of Scorch by Vehumet.
  5641 | D:6      | Reached skill level 1 in Fire Magic
  5641 | D:6      | Reached XP level 9. HP: 50/51 MP: 16/16
  5919 | D:6      | Found an opulent altar of Gozag.
  6257 | D:6      | Reached *** piety under Vehumet
  6606 | D:7      | Found a blossoming altar of Fedhas.
  7002 | D:8      | Offered knowledge of Fulminant Prism by Vehumet.
  7003 | D:8      | Reached skill level 8 in Earth Magic
  7024 | D:7      | Reached skill level 1 in Armour
  7179 | D:7      | HP: 2/52 [wight/+5 long sword of freezing (7)]
  7601 | D:8      | Found Xuoha's Neck Hole.
  7642 | D:8      | Noticed a hornet
  7735 | D:8      | Found a shadowy altar of Dithmenos.
  7843 | D:8      | Reached XP level 10. HP: 51/58 MP: 16/18
  8063 | D:8      | Reached **** piety under Vehumet
  8470 | D:9      | Noticed a two-headed ogre
  8635 | D:9      | Found a staircase to the Lair.
  8887 | D:9      | Reached skill level 5 in Fighting
  9041 | D:9      | Found an iron altar of Okawaru.
  9075 | D:10     | Entered Level 10 of the Dungeon
  9384 | D:9      | Offered knowledge of Hailstorm by Vehumet.
  9436 | D:9      | Identified the +8 short sword of Eternal Night {vorpal, Fly
                  | rF+}
  9552 | D:9      | Found a sacrificial altar of Ru.
 10102 | D:10     | Reached skill level 9 in Earth Magic
 10763 | D:11     | Noticed a cyclops
 10769 | D:11     | Killed a cyclops
 11068 | D:11     | Found Ogif's Gadget Gallery.
 11097 | D:11     | Reached XP level 11. HP: 57/64 MP: 19/21
 11148 | D:11     | Reached skill level 5 in Evocations
 11824 | D:12     | Noticed a boulder beetle
 11910 | D:12     | Found a frozen archway.
 11912 | D:12     | Noticed a manticore
 11918 | D:12     | Killed a manticore
 11943 | D:12     | Noticed a manticore
 11947 | IceCv    | Entered an ice cave
 11985 | IceCv    | Reached skill level 5 in Fire Magic
 12136 | IceCv    | Reached skill level 5 in Armour
 12239 | IceCv    | Reached skill level 10 in Earth Magic
 12345 | IceCv    | Noticed a death yak
 12363 | IceCv    | Killed a death yak
 12416 | IceCv    | Reached XP level 12. HP: 57/72 MP: 23/23
 12548 | IceCv    | Slain by a white ugly thing

Illustrated notes

Levels and vault maps discovered:
D:1:      psy_arrival_spokes, layout_rooms, minivault_4, hangedman_decor_growths
D:2:      layout_basic, hellmonk_ecumenical_altar_watching_god, uniq_terence,
          uniq_natasha
D:3:      layout_basic, grunt_temple_overflow_lords_of_destruction,
          kiku_gazebo_garden_becter, nicolae_wu_jian_glorious_leap,
          hangedman_abyss_or_decor_stabs, roderic_lattice_a, uniq_jessica
D:4:      layout_loops_cross, minmay_misc_feat_hallway, guppyfry_shop_venom
D:5:      layout_loops_ring, minmay_temple_entry_mini_moons,
          portal_sewer_entry_f, uniq_ijyb
D:6:      layout_basic, nicolae_gozag_seed_capital, serial_shops,
          kennysheep_mini, minivault_26
D:7:      layout_basic, mainiacjoe_overflow_cross_hatched, hangedman_decor_push
D:8:      layout_cave_pools, nicolae_overflow_hidden_temple,
          nicolae_shop_sticking_my_neck_out
D:9:      layout_loops_corners, marbit_many_paths, okawaru_ov_weapons_minmay,
          dpeg_oklobed_lair
D:10:     layout_basic, kennysheep_small_circle
D:11:     layout_small_grid, kennysheep_flooded_box, nicolae_shop_gadgets
D:12:     layout_gridville, zombieorc2_lemuel, portal_ice_cave_entry_pillars_2
IceCv:    ice_cave_caverns_03

Skill      XL: |  1  2  3  4  5  6  7  8  9 10 11 |
---------------+----------------------------------+-----
Earth Magic    | 4 5 6 7 8 9 10 | 10.2
Spellcasting   | 3 4 5 6 7 |  7.5
Conjurations   | 1 2 3 4 5 6 7 8 |  8.3
Fighting       | 1 3 4 5 7 |  7.1
Staves         | 1 3 |  3.8
Evocations     | 1 2 3 4 6 |  6.0
Dodging        | 2 |  2.8
Fire Magic     | 1 2 4 5 |  5.9
Armour         | 1 4 5 |  5.8
Stealth        | |  2.1
Transmutations | |  0.7

Action                   |  1- 3 |  4- 6 |  7- 9 | 10-12 || total
-------------------------+-------+-------+-------+-------++-------
Melee: Staff             |       |       |    17 |       ||    17
 Cast: Sandblast         |    41 |    59 |   204 |   275 ||   579
       Stone Arrow       |       |       |       |    22 ||    22
       Passwall          |       |       |       |     1 ||     1
 Abil: Evoke Blink       |       |       |     2 |     1 ||     3
Evoke: Wand              |       |       |       |     1 ||     1
  Use: Scroll            |     5 |    10 |     6 |     5 ||    26
       Potion            |       |       |     3 |     2 ||     5
Armor: Robe              |    11 |     6 |    52 |       ||    69
       Acid dragon scale |       |       |    35 |    83 ||   118
       Troll leather arm |       |       |       |   170 ||   170
Dodge: Dodged            |    16 |    15 |   116 |   259 ||   406

Table legend: (Time is in decaauts)
 A = Elapsed time spent in this place.
 B = Non-inter-level travel time spent in this place.
 C = Inter-level travel time spent in this place.
 D = Time resting spent in this place.
 E = Time spent auto-exploring this place.
 F = Levels seen in this place.
 G = Mean time per level.
                   A        B        C        D        E       F      G
               +--------+--------+--------+--------+--------+-----+--------+
         Total |  13183 |  12775 |    408 |   3129 |   3675 |  14 |  941.6 |
       Dungeon |  12021 |  11613 |    408 |   2919 |   3561 |  12 | 1001.8 |
         Sewer |    414 |    414 |      0 |     68 |     54 |   1 |  414.0 |
      Ice Cave |    748 |    748 |      0 |    142 |     59 |   1 |  748.0 |
               +--------+--------+--------+--------+--------+-----+--------+

Top non-repeatable levels by time:
     D:2: 1297 daAuts
     D:9: 1238 daAuts
     D:7: 1207 daAuts
    D:10: 1168 daAuts
     D:3: 1152 daAuts
     D:6: 1061 daAuts
    D:11: 1033 daAuts
     D:1: 1009 daAuts
     D:8: 978 daAuts
     D:4: 852 daAuts
     D:5: 826 daAuts
   IceCv: 748 daAuts
   Sewer: 414 daAuts
    D:12: 197 daAuts
